 Dungeon Crawl Stone Soup version 0.26-a0-752-gcff87cac9a (webtiles) character file.

Game seed: 4668985815066041832

2671 Delamore the Basher (level 9, -8/54 HPs)
             Began as a Gargoyle Fighter on Nov 6, 2020.
             Was a Follower of Okawaru.
             Mangled by a hellwing (10 damage)
             ... summoned by a kobold demonologist
             ... in a bailey.
             The game lasted 00:08:53 (6344 turns).

Delamore the Basher (Gargoyle Fighter)              Turns: 6344, Time: 00:08:54

Health: -8/54      AC:  0    Str: 23    XL:     9   Next: 63%
Magic:  9/9        EV:  6    Int:  9    God:    Okawaru [*.....]
Gold:   273        SH: 10    Dex: 15    Spells: 8/8 levels left

rFire    x . .     SeeInvis .   a - +0 flail
rCold    + . .     Faith    .   c - +0 kite shield
rNeg     + . .     Spirit   .   E - +0 chain mail
rPois    ∞         Reflect  .   t - +2 helmet
rElec    +         Harm     .   D - +0 cloak of Cus Cihe {+Inv}
rCorr    .         Rampage  .   I - +2 pair of gloves
MR       .....                  f - -1 pair of boots
Stlth    ..........             v - amulet of regeneration
HPRegen  0.58/turn              e - ring of ice
MPRegen  0.11/turn              F - +6 ring of dexterity

@: corroded, very slightly contaminated
A: negative energy resistance 1, electricity resistance, unbreathing,
petrification resistance, rot immunity, AC +6
a: Heroism, Renounce Religion, Evoke Invisibility


You were in a bailey.
You worshipped Okawaru.
Okawaru was aware of your devotion.
You visited 2 branches of the dungeon, and saw 9 of its levels.
You also visited: Bailey.

You collected 273 gold pieces.

Inventory:

Hand Weapons
 a - a +0 flail (weapon)
 G - a +0 morningstar
Missiles
 o - 2 throwing nets
 s - 41 poisoned darts (quivered)
Armour
 c - a +0 kite shield (worn)
 f - a -1 pair of boots (worn)
 t - a +2 helmet (worn)
 D - the +0 cloak of Cus Cihe (worn) {+Inv}
   (You found it on level 5 of the Dungeon)

   It lets you turn invisible.
 E - a +0 chain mail (worn)
 I - a +2 pair of gloves (worn)
Jewellery
 e - a ring of ice (left hand)
 u - an uncursed amulet of faith
 v - an amulet of regeneration (around neck)
 F - a +6 ring of dexterity (right hand)
Wands
 y - a wand of flame (16)
Scrolls
 g - 5 scrolls of remove curse
 h - 3 scrolls of enchant armour
 k - a scroll of immolation
 l - 3 scrolls of teleportation
 m - 2 scrolls of fog
 q - a scroll of enchant weapon
 B - a scroll of noise {unknown}
 C - a scroll of vulnerability {unknown}
Potions
 b - a potion of ambrosia {unknown}
 d - a potion of might
 i - 5 potions of haste
 j - a potion of resistance {unknown}
 n - a potion of flight {unknown}
 p - a potion of mutation {unknown}
 r - 4 potions of curing {unknown}
 x - 2 potions of heal wounds {unknown}
 z - a potion of lignification {unknown}
 A - 2 potions of brilliance {unknown}
 J - a potion of invisibility {unknown}


   Skills:
 - Level 5.0 Fighting
 + Level 10.3 Maces & Flails
 - Level 3.2 Armour
 - Level 5.0 Shields
 + Level 5.4 Evocations


You had 8 spell levels left.
You didn't know any spells.
Your spell library was empty.

Dungeon Overview and Level Annotations

Branches:
Dungeon (8/15)             Temple (1/1) D:7          Bailey (1/1)
   Lair: D:8-11

Altars:
Ashenzari
Cheibriados
Dithmenos
Elyvilon
Fedhas
Gozag
Hepliaklqana
Kikubaaqudgha
Makhleb
Nemelex Xobeh
Okawaru
Qazlal
Ru
Sif Muna
Trog
Uskayaw
Vehumet
Wu Jian
Yredelemnul
Zin
The Shining One


Innate Abilities, Weirdness & Mutations

You are resistant to torment.
Your stone body is resilient. (AC +6)
You are immune to poison.
You resist negative energy. (rN+)
You are resistant to electric shocks. (rElec)
You can survive without breathing.
You are immune to petrification.
You are immune to rotting.


Message History

The goblin hits you but does no damage. You block the shadow imp's attack.
The gnoll barely misses you.
The kobold demonologist looks satisfied for a moment.
Evoke which item? (* to show all) (? for menu, Esc to quit)
Press: ? - help, Shift-Dir - straight line, f - kobold demonologist
Aim: a kobold demonologist, wielding a +0 war axe and wearing a +0 ring mail (almost dead)
The puff of flame hits the kobold demonologist.
The kobold demonologist is almost dead.
The rust devil barely misses you. The goblin completely misses you.
The shadow imp barely misses you. You block the goblin's attack.
The gnoll hits you with a +0 hand axe.
* * * LOW HITPOINT WARNING * * *
The kobold demonologist barely misses you.
Unknown command.
You closely miss the kobold demonologist.
The kobold demonologist is almost dead.
The rust devil barely misses you. The shadow imp hits you.
* * * LOW HITPOINT WARNING * * *
You block the hellwing's attack. The hellwing hits you!
You die...

≈≈≈≈≈.#
≈≈≈≈≈.#++#####....#
≈≈≈≈≈.#.....##....#
......')....##....#
......').⌠..##.._.#
......')....##....# ##
≈≈≈≈≈.#.....##....#..#
≈≈≈≈≈.#''#####.g45#..#
≈≈≈≈≈.#......#gg@.#..#
≈≈≈≈≈.#......#5g4K#..#
≈≈≈≈######.....5o## #
≈≈≈≈# #.8.8.8og ≈≈≈≈#
#.......#. ≈≈≈≈#
#######+### ≈≈≈≈#


You could see a hellwing (summoned), a rust devil (summoned), a kobold
demonologist, an orc warrior, 3 gnolls, 2 crimson imps, a shadow imp (summoned),
an orc and 2 goblins.

Vanquished Creatures
  A kobold demonologist (Bailey)
  Menkaure (D:4)
  An ice beast (D:6)
  An orc warrior (D:7)
  A phantom (D:4)
  2 ogres (D:6)
  A necrophage (D:7)
  A centaur (D:6)
  Blork the orc (D:6)
  A water moccasin zombie (D:6)
  8 wights (D:7)
  2 electric eels (Bailey)
  5 howler monkeys
  2 orc priests
  5 orc wizards
  Crazy Yiuf (D:5)
  2 centaur skeletons
  A hound (D:4)
  8 worker ants
  2 iguanas
  A hound skeleton (D:7)
  A howler monkey zombie (D:6)
  A worker ant zombie (D:8)
  3 gnolls (D:4)
  9 adders
  2 shadow imps
  A white imp (D:5)
  2 ufetubi (D:6)
  4 oozes
  2 adder skeletons
  2 worms (D:2)
  3 dart slugs
  9 leopard geckos
  13 orcs
  8 bats
  4 giant cockroaches
  17 goblins
  15 hobgoblins
  7 jackals
  11 kobolds
  5 frilled lizards
  5 rats
172 creatures vanquished.

Vanquished Creatures (others)
  2 fungi (D:5)
2 creatures vanquished.

Grand Total: 174 creatures vanquished

Notes
Turn   | Place    | Note
-------+----------+-------------------------------------------
     0 | D:1      | Delamore the Gargoyle Fighter began the quest for the Orb.
     0 | D:1      | Reached XP level 1. HP: 14/14 MP: 1/1
   122 | D:1      | Reached XP level 2. HP: 19/19 MP: 2/2
   641 | D:1      | Reached XP level 3. HP: 24/24 MP: 3/3
  1233 | D:2      | Reached XP level 4. HP: 29/29 MP: 4/4
  1349 | D:2      | Reached skill level 3 in Maces & Flails
  1807 | D:3      | Reached XP level 5. HP: 32/34 MP: 5/5
  2540 | D:4      | Noticed Menkaure
  2540 | D:4      | Noticed a phantom
  2625 | D:4      | Reached skill level 5 in Fighting
  2625 | D:4      | Reached skill level 5 in Shields
  2625 | D:4      | Reached XP level 6. HP: 39/40 MP: 6/6
  2665 | D:4      | Reached skill level 4 in Maces & Flails
  2787 | D:4      | Reached skill level 5 in Maces & Flails
  3004 | D:4      | Reached XP level 7. HP: 44/44 MP: 7/7
  3123 | D:4      | Killed Menkaure
  3123 | D:4      | Reached skill level 6 in Maces & Flails
  3242 | D:4      | Reached skill level 7 in Maces & Flails
  3396 | D:5      | Entered Level 5 of the Dungeon
  3418 | D:5      | Found a sparkling altar of Nemelex Xobeh.
  3480 | D:5      | Found a radiant altar of Vehumet.
  3540 | D:5      | Got a scorched cloak
  3551 | D:5      | Identified the +0 cloak of Cus Cihe {+Inv} (You found it on
                  | level 5 of the Dungeon)
  3647 | D:5      | Reached XP level 8. HP: 45/49 MP: 8/8
  3930 | D:5      | Found a runed translucent door.
  3931 | D:5      | Noticed Crazy Yiuf
  3938 | D:5      | Killed Crazy Yiuf
  3938 | D:5      | Reached skill level 1 in Evocations
  4209 | D:6      | Reached skill level 8 in Maces & Flails
  4529 | D:6      | Noticed Blork the orc
  4538 | D:6      | Killed Blork the orc
  4780 | D:7      | Found a staircase to the Ecumenical Temple.
  4788 | Temple   | Entered the Ecumenical Temple
  4929 | Temple   | Became a worshipper of Warmaster Okawaru
  5048 | D:7      | Reached XP level 9. HP: 54/54 MP: 9/9
  5074 | D:7      | Reached skill level 9 in Maces & Flails
  5290 | D:7      | Reached * piety under Okawaru
  5290 | D:7      | Reached skill level 5 in Evocations
  5358 | D:7      | Found a hazy altar of Hepliaklqana.
  6212 | D:8      | Found a flagged portal.
  6239 | Bailey   | Entered a bailey
  6251 | Bailey   | Reached skill level 10 in Maces & Flails
  6309 | Bailey   | Found an iron altar of Okawaru.
  6309 | Bailey   | Noticed a kobold demonologist
  6309 | Bailey   | Noticed a kobold demonologist
  6324 | Bailey   | Noticed a rust devil
  6327 | Bailey   | Noticed a sixfirhy
  6328 | Bailey   | Killed a kobold demonologist
  6341 | Bailey   | Noticed a hellwing
  6344 | Bailey   | HP: 2/54 [shadow imp[a kobold demonologist] (5)]
  6344 | Bailey   | Mangled by a hellwing

Illustrated notes

Levels and vault maps discovered:
D:1:      dpeg_arrival_morbid_curiosity, layout_loops_cross,
          minmay_misc_feat_plants, minmay_misc_feat_rows, minmay_misc_feat_x,
          patterned_corridor
D:2:      layout_basic
D:3:      layout_basic
D:4:      layout_loops_cross, uniq_menkaure
D:5:      layout_cave_pools, vehumet_altar_wand_db,
          nemelex_xobeh_ov_fountains_minmay, uniq_crazy_yiuf_cottage
D:6:      layout_loops_ring, uniq_blork_the_orc
D:7:      layout_basic, old_standard_altar, minmay_temple_entry_arrows
D:8:      layout_loops_ring, lemuel_round_altar, enter_bailey_3, minmay_ruffians
Temple:   eino_narrow_crystal_temple
Bailey:   bailey_axe_of_yendor_kennysheep, bailey

Skill      XL: |  1  2  3  4  5  6  7  8  9 |
---------------+----------------------------+-----
Fighting       | 4 5 |  5.0
Shields        | 4 5 |  5.0
Maces & Flails | 3 5 7 8 10 | 10.3
Evocations     | 4 5 |  5.4
Armour         | |  3.2

Action                   |  1- 3 |  4- 6 |  7- 9 || total
-------------------------+-------+-------+-------++-------
Melee: Flail             |   138 |   268 |   442 ||   848
Throw: Dart              |       |       |    28 ||    28
 Abil: Evoke Invisibilit |       |       |     1 ||     1
Evoke: Wand              |       |       |     1 ||     1
  Use: Scroll            |       |     6 |     4 ||    10
 Stab: Invisible         |       |       |     3 ||     3
Armor: Scale mail        |    90 |   197 |   138 ||   425
       Chain mail        |       |       |    98 ||    98
Dodge: Dodged            |    63 |   112 |   123 ||   298
Block: Kite shield       |    66 |   170 |   207 ||   443

Table legend: (Time is in decaauts)
 A = Elapsed time spent in this place.
 B = Non-inter-level travel time spent in this place.
 C = Inter-level travel time spent in this place.
 D = Time resting spent in this place.
 E = Time spent auto-exploring this place.
 F = Levels seen in this place.
 G = Mean time per level.
                   A        B        C        D        E       F      G
               +--------+--------+--------+--------+--------+-----+--------+
         Total |   6495 |   6132 |    363 |     96 |   4445 |  10 |  649.5 |
       Dungeon |   6214 |   5885 |    329 |     77 |   4296 |   8 |  776.8 |
        Temple |    177 |    143 |     34 |      0 |    138 |   1 |  177.0 |
        Bailey |    103 |    103 |      0 |     19 |     11 |   1 |  103.0 |
               +--------+--------+--------+--------+--------+-----+--------+

Top non-repeatable levels by time:
     D:7: 1190 daAuts
     D:1: 1057 daAuts
     D:3: 963 daAuts
     D:4: 934 daAuts
     D:6: 795 daAuts
     D:5: 590 daAuts
     D:2: 579 daAuts
  Temple: 177 daAuts
     D:8: 103 daAuts
  Bailey: 103 daAuts
